 Dungeon Crawl Stone Soup version 0.21.1-1-g345015fe64 (webtiles) character file.

7964 Knicklaso the Slinger (level 11, 0/78 HPs)
             Began as a Halfling Hunter on Apr 10, 2018.
             Was an Elder of Dithmenos.
             Slain by a shock serpent (shapeshifter) (11 damage)
             ... on level 10 of the Dungeon.
             The game lasted 00:35:44 (12137 turns).

Knicklaso the Slinger (Halfling Hunter)            Turns: 12137, Time: 00:35:44

Health: 0/78       AC:  8    Str: 15    XL:     11   Next: 47%
Magic:  15/15      EV: 20    Int: 10    God:    Dithmenos [****..]
Gold:   526        SH:  6    Dex: 16    Spells: 10/10 levels left

rFire    + . .     SeeInvis .   b - +2 short sword (vamp)
rCold    . . .     Gourm    .   p - +0 buckler
rNeg     . . .     Faith    .   i - +1 ring mail {rF+}
rPois    +         Spirit   .   (no helmet)
rElec    .         Reflect  .   l - +0 cloak
rCorr    .         Harm     .   (no gloves)
MR       .....                  e - +0 pair of boots
Stlth    ++++......             (no amulet)
HPRegen  0.23/turn              s - ring of poison resistance
MPRegen  0.14/turn              (no ring)

@: wreathed by umbra
A: small, mutation resistance 1
a: Shadow Step, Renounce Religion


You were on level 10 of the Dungeon.
You worshipped Dithmenos.
Dithmenos was greatly pleased with you.
You were near starving.

You visited 1 branch of the dungeon, and saw 10 of its levels.

You collected 526 gold pieces.

Inventory:

Hand Weapons
 a - a +1 hunting sling
 b - a +2 vampiric short sword (weapon)
Missiles
 d - 104 sling bullets
 h - 335 stones (quivered)
Armour
 e - a +0 pair of boots (worn)
 i - a +1 ring mail of fire resistance (worn)
 l - a +0 cloak (worn)
 p - a +0 buckler (worn)
 q - a cursed +0 chain mail
Jewellery
 k - an uncursed ring of fire
 s - a ring of poison resistance (left hand)
Wands
 I - a wand of acid (2)
Scrolls
 c - a scroll of remove curse
 g - 2 scrolls of blinking
 j - 9 scrolls of identify
 r - a scroll of fear {unknown}
 t - 3 scrolls of teleportation {unknown}
 u - a scroll of fog {unknown}
 z - a scroll of amnesia
 A - 2 scrolls of enchant weapon {unknown}
 B - 3 scrolls of magic mapping
 C - a scroll of noise {unknown}
 E - a scroll of immolation {unknown}
 F - a scroll of silence {unknown}
Potions
 n - a potion of curing
 o - 2 potions of cancellation
 v - a potion of resistance
 w - a potion of invisibility {unknown}
 x - a potion of mutation {unknown}
 D - a potion of brilliance {unknown}
 G - a potion of might
 K - a potion of haste {unknown}
Books
 m - a book of Power

   Spells                             Type                      Level
   a - Iskenderun's Battlesphere      Conjuration/Charms           5
   b - Venom Bolt                     Conjuration/Poison           5
   c - Bolt of Magma                  Conjuration/Fire/Earth       5
   d - Iron Shot                      Conjuration/Earth            6
   e - Orb of Destruction             Conjuration                  7
   f - Spellforged Servitor           Conjuration/Summoning        7
 y - a book of Changes

   Spells                             Type                      Level
   a - Beastly Appendage              Transmutation                1
   b - Sticks to Snakes               Transmutation                2
   c - Spider Form                    Transmutation/Poison         3
   d - Ice Form                       Ice/Transmutation            4
   e - Blade Hands                    Transmutation                5
Comestibles
 f - 19 rations


   Skills:
 + Level 8.3 Fighting
 * Level 2.8 Short Blades
 - Level 12.0 Slings
 + Level 9.9 Dodging
 - Level 6.2 Stealth
 - Level 4.0 Shields
 + Level 5.8 Invocations


You had 10 spell levels left.
You didn't know any spells.

Dungeon Overview and Level Annotations

Branches:
Dungeon (10/15)            Temple (0/1) D:5            Lair (0/6) D:9
    Orc: D:9-12

Altars:
Ashenzari
Dithmenos
Fedhas
Gozag
Hepliaklqana
Qazlal
Ru
Sif Muna
Trog
Uskayaw
Wu Jian
Xom
Yredelemnul

Shops:
D:6 [   D:8 }

Annotations:
D:8 2 transporters


Innate Abilities, Weirdness & Mutations

You are small and have problems with some larger weapons.
You are somewhat resistant to further mutation.


Message History

The shock serpent completely misses you.
The shock serpent completely misses you.
The shock serpent completely misses you.
The shock serpent shoots out a bolt of lightning at you!
The bolt of electricity hits you!
The shock serpent shoots out a bolt of lightning at you!
The bolt of electricity misses you.
The crimson imp blinks!
The crimson imp picks up a beetle and eats it.
You miss the crimson imp.
The shock serpent bites you but does no damage.
You block the crimson imp's attack. The crimson imp misses you.
The shock serpent shoots out a bolt of lightning at you!
The bolt of electricity hits you!
* * * LOW HITPOINT WARNING * * *
You block the shock serpent's attack.
The crimson imp blinks!
The shock serpent bites you.
* * * LOW HITPOINT WARNING * * *
The shock serpent shocks you!
You die...

+## #.......#.##...#
..### #......##.###.##
..'.###......#.......#
..#...#......####.####
..###.#.........#.#
..# #.#......ยง(.#.#
..# #...........#.#
..# ###........S#.##
### #.........@..#
#............#
########.##### #..#
########+#### ###
#...........# ..#
#...........# ..#
+...........# ..#
#...........#


You could see a shock serpent.

Vanquished Creatures
  A two-headed ogre (D:8)
  Pikel (D:5)
  2 hornets (D:9)
  Grinder (D:5)
  2 hippogriffs
  2 yaks (D:9)
  Eustachio (D:5)
  A hungry ghost (D:8)
  A soldier ant (D:9)
  A water moccasin (D:10)
  Duvessa (D:6)
  A black bear (D:6)
  An ice beast (D:7)
  2 phantoms
  A hornet zombie (D:8)
  An orc warrior (D:9)
  2 sky beasts
  2 eyes of draining
  4 slaves (D:5)
  6 ogres
  3 necrophages
  2 centaurs (D:5)
  2 big kobolds
  Blork the orc (D:4)
  5 bullfrogs
  A gnoll sergeant (D:8)
  A wyvern zombie (D:8)
  Dowan (D:6)
  4 scorpions
  3 killer bees (D:8)
  3 wights (D:6)
  4 howler monkeys
  3 centaur zombies
  4 crimson imps
  2 bullfrog zombies
  3 hounds
  2 jellies
  4 bullfrog skeletons
  3 centaur skeletons
  5 orc wizards
  4 iguanas
  6 worker ants
  A hound zombie (D:8)
  A hound skeleton (D:6)
  4 gnolls (D:8)
  15 adders
  A shadow imp (D:6)
  2 oozes
  3 adder skeletons
  2 adder zombies
  A worm (D:2)
  2 dart slugs (D:2)
  6 leopard geckos
  21 orcs
  7 giant cockroaches
  A goblin (D:1)
  3 hobgoblins
  6 jackals
  17 kobolds
  5 quokkas
  A ball python (D:5)
  7 bats
  6 frilled lizards
  2 quokka skeletons
  8 rats
222 creatures vanquished.

Notes
Turn   | Place    | Note
-------+----------+-------------------------------------------
     0 | D:1      | Knicklaso the Halfling Hunter began the quest for the Orb.
     0 | D:1      | Reached XP level 1. HP: 14/14 MP: 1/1
   173 | D:1      | Reached skill level 6 in Slings
   361 | D:1      | Reached XP level 2. HP: 19/19 MP: 2/2
   974 | D:2      | Reached XP level 3. HP: 24/24 MP: 3/3
  1134 | D:2      | Reached XP level 4. HP: 29/29 MP: 4/4
  1143 | D:2      | Noticed an ogre
  1237 | D:2      | Reached skill level 7 in Slings
  1494 | D:2      | Found a shadowy altar of Dithmenos.
  2403 | D:2      | Reached XP level 5. HP: 11/35 MP: 5/5
  2554 | D:2      | Became a worshipper of Dithmenos the Shadowed
  2672 | D:3      | Found an opulent altar of Gozag.
  3206 | D:4      | Noticed a bullfrog
  3225 | D:4      | Killed a bullfrog
  3225 | D:4      | Reached skill level 8 in Slings
  3225 | D:4      | Reached XP level 6. HP: 26/41 MP: 6/6
  3425 | D:4      | Noticed an ogre
  3432 | D:4      | Killed an ogre
  3432 | D:4      | Reached * piety under Dithmenos
  3473 | D:4      | Reached skill level 9 in Slings
  3473 | D:4      | Reached XP level 7. HP: 39/46 MP: 7/7
  3734 | D:4      | Found a stormy altar of Qazlal.
  3735 | D:4      | Found a shimmering altar of Xom.
  3736 | D:4      | Found a hide-covered altar of Uskayaw.
  3736 | D:4      | Found a shattered altar of Ashenzari.
  3737 | D:4      | Found an ornate altar of the Wu Jian Council.
  3738 | D:4      | Found a basalt altar of Yredelemnul.
  4016 | D:5      | Entered Level 5 of the Dungeon
  4016 | D:5      | Noticed Pikel
  4081 | D:5      | Noticed Blork the orc
  4272 | D:4      | Killed Blork the orc
  4496 | D:5      | Reached skill level 10 in Slings
  4496 | D:5      | Reached XP level 8. HP: 35/54 MP: 8/8
  4528 | D:5      | Reached skill level 5 in Dodging
  4682 | D:5      | HP: 4/81 [something (5)]
  4687 | D:5      | HP: 4/81 [quokka (1)]
  5082 | D:5      | Killed Pikel
  5082 | D:5      | Reached skill level 5 in Fighting
  5082 | D:5      | Reached skill level 11 in Slings
  5082 | D:5      | Reached XP level 9. HP: 32/61 MP: 9/9
  5244 | D:5      | Reached skill level 12 in Slings
  5524 | D:5      | Noticed Grinder
  5578 | D:5      | Killed Grinder
  5675 | D:5      | Noticed Eustachio
  5732 | D:5      | Killed Eustachio
  6023 | D:5      | Found a staircase to the Ecumenical Temple.
  6350 | D:6      | Noticed Duvessa
  6354 | D:6      | Reached ** piety under Dithmenos
  6364 | D:6      | Noticed Dowan
  6373 | D:6      | Killed Duvessa
  6382 | D:6      | Killed Dowan
  6621 | D:6      | Found Ishreot's Antique Armour Boutique.
  6705 | D:6      | Reached skill level 1 in Invocations
  6861 | D:6      | Reached XP level 10. HP: 69/69 MP: 11/11
  6933 | D:6      | Found a blossoming altar of Fedhas.
  7110 | D:6      | Noticed a moth of wrath
  7113 | D:6      | Found a bloodstained altar of Trog.
  7814 | D:7      | Found a sacrificial altar of Ru.
  8422 | D:8      | Found a deep blue altar of Sif Muna.
  8438 | D:8      | Reached *** piety under Dithmenos
  8494 | D:8      | Reached skill level 1 in Shields
  8731 | D:8      | Reached skill level 5 in Stealth
  9422 | D:8      | Found a transporter.
  9425 | D:8      | Noticed a two-headed ogre
  9426 | D:8      | Noticed a deep elf mage
  9426 | D:8      | Noticed an orc knight
  9429 | D:8      | Noticed a lindwurm
  9430 | D:8      | Found a transporter.
  9442 | D:8      | a lindwurm changed into a snapping turtle
  9495 | D:8      | Noticed a sea snake
  9511 | D:8      | Noticed a two-headed ogre
  9533 | D:8      | Killed a two-headed ogre
  9533 | D:8      | Reached skill level 5 in Invocations
  9533 | D:8      | Reached XP level 11. HP: 27/75 MP: 14/14
  9555 | D:8      | a sea snake changed into a water nymph
 10124 | D:8      | Found Kuozykam's Gadget Shoppe.
 10212 | D:9      | Found a staircase to the Lair.
 10399 | D:9      | Got a scorched shield
 10400 | D:9      | Identified the +2 shield "Waprudygg" {rPois rC+ Int+3 Slay-3} (You found it on level 9 of the Dungeon)
 10740 | D:9      | Found a hazy altar of Hepliaklqana.
 11185 | D:9      | Reached skill level 1 in Short Blades
 11249 | D:9      | Paralysed by a hornet for 2 turns
 11701 | D:10     | Entered Level 10 of the Dungeon
 11704 | D:9      | Reached **** piety under Dithmenos
 12098 | D:10     | Noticed a glowing orange brain
 12098 | D:10     | a queen bee changed into a glowing orange brain
 12121 | D:10     | Noticed a shock serpent
 12137 | D:10     | Slain by a shock serpent (shapeshifter)

Skill      XL: |  1  2  3  4  5  6  7  8  9 10 11 |
---------------+----------------------------------+-----
Slings         | 6 7 8 9 10 11 12 | 12.0
Fighting       | 2 3 4 5 6 7 8 |  8.3
Dodging        | 3 4 6 8 9 |  9.9
Invocations    | 1 5 |  5.8
Stealth        | 2 5 6 |  6.2
Shields        | 2 4 |  4.0
Short Blades   | 2 |  2.8

Action                   |  1- 3 |  4- 6 |  7- 9 | 10-12 || total
-------------------------+-------+-------+-------+-------++-------
Melee: Short sword       |       |       |    50 |   227 ||   277
       Hunting sling     |       |       |     3 |       ||     3
 Fire: Hunting sling     |    48 |   200 |   542 |   615 ||  1405
  Use: Potion            |       |       |     5 |     4 ||     9
       Scroll            |       |       |       |    13 ||    13
 Stab: Sleeping          |       |       |       |     3 ||     3
  Eat: Chunk             |       |     4 |     6 |    13 ||    23
       Ration            |       |     1 |     1 |     2 ||     4
Armor: Leather armour    |     3 |    26 |    35 |    17 ||    81
       Skin              |       |       |    26 |       ||    26
       Ring mail         |       |       |       |    73 ||    73
Dodge: Dodged            |     9 |   103 |   204 |   476 ||   792
Block: Buckler           |       |       |       |   139 ||   139
